 Dungeon Crawl Stone Soup version 0.28.0 (webtiles) character file.

Game seed: 105719721246582051

1613329 DiogoH the Impregnable (level 27, 202/202 HPs)
             Began as a Djinni Fire Elementalist on Feb 1, 2022.
             Was a High Priest of Ashenzari.
             Escaped with the Orb
             ... and 3 runes on Feb 8, 2022!
             The game lasted 13:07:32 (73888 turns).

DiogoH the Impregnable (Djinni Fire Elementalist)  Turns: 73888, Time: 13:07:33

Health: 202/202    AC: 19    Str: 12 (13) XL:     27
Gold:   3593       EV: 31    Int: 29 (30) God:    Ashenzari [*****.] SH: 15 Dex: 21

rFire   + + +      SeeInvis +   B - staff of conjuration (curse) {Self, Melee}
rCold   + . .      Faith    .   g - +2 kite shield of the Ruined Prison {rF- Regen+ SInv Stlth+, Cun, Fort} (curse)
rNeg    + . .      Spirit   .   T - +3 troll leather armour of the Mantic Pleiades {Regen+, Snorg, Melee, Cun} (curse)
rPois   ∞          Reflect  .   (helmet restricted)
rElec   .          Harm     .   M - scarf "Astrological Inaction" {rC+ rF+, Fort, Self} (curse)
rCorr   .          Rampage  .   V - +5 pair of gloves "Gloom of the Sky" {Str+6, Evo, Self} (curse)
Will    +++..      Clarity  +   (boots unavailable)
Stlth   ++........              d - amulet "Ruined Trepidation" {Regen+, Cun, Self} (curse)
HPRegen 3.63/turn               Z - ring "Circumscribed Visionary" {rN+ Will+ Dex+4, Self, Cun} (curse)
MPRegen 0.00/turn               E - ring of the Elysian Seer {rC+, Self, Cun} (curse)

@: flying, studying Shields
A: sickness immunity, fire resistance 3, cold vulnerability 1, float, innate
caster, HP casting, extra vitality 1, antennae 1, agile 1, frail 1, regeneration
1, wild magic 1
0: Orb of Zot
}: 3/15 runes: decaying, serpentine, slimy
a: Renounce Religion, Curse Item, Shatter the Chains


You escaped.
You worshipped Ashenzari.
Ashenzari was extremely pleased with you.
You visited 12 branches of the dungeon, and saw 56 of its levels.
You visited the Abyss 1 time.
You also visited: Trove and Desolation.

You collected 8303 gold pieces.
You spent 4710 gold pieces at shops.

Inventory:

Missiles
 b - 6 silver boomerangs
 j - 5 datura-tipped darts
 n - 4 throwing nets
 p - 110 poisoned darts
 v - 11 curare-tipped darts (quivered)
 D - 8 silver javelins
Armour
 g - the cursed +2 kite shield of the Ruined Prison (worn) {rF- Regen+ SInv Stlth+, Cun, Fort}
   (You acquired it on level 9 of the Dungeon)

   rF:        It makes you vulnerable to fire.
   SInv:      It lets you see invisible.
   Regen:     It increases your rate of health regeneration.
   Stlth:     It makes you more stealthy.
   It has a curse which improves the following skills: Cunning: Dodging and
   Stealth.
   Fortitude: Armour and Shields.
 M - the cursed scarf "Astrological Inaction" (worn) {rC+ rF+, Fort, Self}
   (You bought it in a shop on level 10 of the Dungeon)

   It has a curse which improves the following skills: Fortitude: Armour and
   Shields.
   Introspection: Fighting and Spellcasting.
 T - the cursed +3 troll leather armour of the Mantic Pleiades (worn) {Regen+, Snorg, Melee, Cun}
   (You found it on level 2 of the Orcish Mines)

   Regen:     It increases your rate of health regeneration.
   It has a curse which improves the following skills: Melee Combat: Short
   Blades, Long Blades, Axes, Maces & Flails, Polearms, Staves and Unarmed
   Combat.
   Cunning:   Dodging and Stealth.
 V - the cursed +5 pair of gloves "Gloom of the Sky" (worn) {Str+6, Evo, Self}
   (You acquired it on level 15 of the Dungeon)

   Str:       It affects your strength (+6).
   It has a curse which improves the following skills: Evocations: Evocations.
   Introspection: Fighting and Spellcasting.
Magical Staves
 B - a cursed staff of conjuration (weapon) {Self, Melee}
Jewellery
 d - the cursed amulet "Ruined Trepidation" (around neck) {Regen+, Cun, Self}
   (You found it on level 5 of the Lair of Beasts)

   [amulet of regeneration]

   Regen:     It increases your rate of health regeneration.
   It has a curse which improves the following skills: Cunning: Dodging and
   Stealth.
   Introspection: Fighting and Spellcasting.
 E - the cursed ring of the Elysian Seer (right hand) {rC+, Self, Cun}
   (You found it on level 6 of the Lair of Beasts)

   [ring of protection from cold]

   rC:        It protects you from cold.
   It has a curse which improves the following skills: Introspection: Fighting
   and Spellcasting.
   Cunning:   Dodging and Stealth.
 Z - the cursed ring "Circumscribed Visionary" (left hand) {rN+ Will+ Dex+4, Self, Cun}
   (You found it in the Desolation of Salt)

   [ring of willpower]

   Dex:       It affects your dexterity (+4).
   rN:        It protects you from negative energy.
   Will:      It increases your willpower.
   It has a curse which improves the following skills: Introspection: Fighting
   and Spellcasting.
   Cunning:   Dodging and Stealth.
Wands
 c - a wand of charming (8)
 f - a wand of digging (32)
 m - a wand of iceblast (73)
 q - a wand of paralysis (43)
 y - a wand of acid (11)
 C - a wand of mindburst (4)
 F - a wand of flame (91)
 P - a wand of polymorph (12)
Scrolls
 a - 2 scrolls of holy word
 o - 5 scrolls of vulnerability
 r - 21 scrolls of teleportation
 G - 6 scrolls of blinking
 H - 7 scrolls of fear
 O - 8 scrolls of fog
 U - 6 scrolls of immolation
 X - a scroll of silence
Potions
 h - 9 potions of heal wounds
 k - 10 potions of attraction
 l - 6 potions of ambrosia
 s - 13 potions of lignification
 t - 4 potions of cancellation
 u - 29 potions of curing
 w - 3 potions of invisibility
 z - 11 potions of brilliance
 K - 3 potions of resistance
 L - 9 potions of haste
 Q - a potion of mutation
 S - 7 potions of might
Miscellaneous
 x - a tin of tremorstones (2/2)
 A - a condenser vane
 I - a lightning rod (4/4)
 J - a box of beasts
 N - a phantom mirror
 Y - a phial of floods


   Skills:
 - Level 19.5(26.5) Fighting
 - Level 8.0(11.5) Staves
 - Level 23.5(26.5) Armour
 - Level 20.7(26.7) Dodging
 - Level 4.0(9.5) Stealth
 - Level 7.5(11.0) Shields
 - Level 19.0(26.0) Spellcasting
 + Level 23.0(24.9) Evocations


You couldn't memorise any spells.
You knew the following spells:

 Your Spells              Type           Power      Damage    Failure   Level
a - Summon Forest         Summ/Tloc      64%        N/A       1%          5
b - Summon Lightning Spi  Summ/Air       100%       N/A       1%          4
c - Monstrous Menagerie   Summ           64%        N/A       1%          7
d - Iron Shot             Conj/Erth      76%        9d14      1%          6
e - Orb of Destruction    Conj           76%        9d17      1%          7
f - Scorch                Fire           100%       2d10      1%          2
g - Sting                 Tmut/Pois      100%       1d8       1%          1
h - Static Discharge      Conj/Air       100%       N/A       1%          2
i - Ice Form              Ice/Tmut       100%       N/A       1%          4
j - Flame Wave            Conj/Fire      100%       2d17      1%          4
k - Foxfire               Conj/Fire      100%       2x1d9     1%          1
l - Dispersal             Tloc           64%        N/A       1%          6
m - Conjure Flame         Conj/Fire      100%       6-21      1%          3
n - Inner Flame           Hex/Fire       100%       N/A       1%          3
o - Ensorcelled Hibernat  Hex/Ice        100%       N/A       1%          2
p - Necromutation         Tmut/Necr      64%        N/A       1%          8
q - Chain Lightning       Conj/Air       76%        3d102     6%          9
r - Polar Vortex          Ice            64%        N/A       6%          9
Your spell library was empty.

Dungeon Overview and Level Annotations

Branches:
Dungeon (15/15)            Temple (1/1) D:6            Lair (6/6) D:10
  Swamp (4/4) Lair:2        Snake (4/4) Lair:3        Slime (5/5) Lair:6
    Orc (2/2) D:9             Elf (3/3) Orc:2        Vaults (4/5) D:13
  Crypt (3/3) Vaults:2       Tomb (0/3) Crypt:3      Depths (4/4) D:15
    Zot (5/5) Depths:4    Desolation (visited)

Altars:
Ashenzari
Cheibriados
Dithmenos
Elyvilon
Fedhas
Gozag
Hepliaklqana
Kikubaaqudgha
Makhleb
Nemelex Xobeh
Okawaru
Qazlal
Ru
Sif Muna
Trog
Uskayaw
Vehumet
Wu Jian
Xom
Yredelemnul
Zin
The Shining One
Beogh
Jiyva
Lugonu

Shops:
D:9 !   D:10 (*   Orc:2 [(?(   Elf:2 [[([   Vaults:2 [([   Vaults:4 :   Zot:2 *
Depths:1 =[=:

Portals:
Hell: Depths:1 Depths:2 Depths:3 Depths:4
Abyss: Zot:4 Depths:1 Depths:2 Depths:3
Pandemonium: Depths:2
Ziggurat: Depths:3

Annotations:
Zot:3 1 runed translucent door, ShutUppercut's ghost, legendary DsGl
Zot:4 1 runed translucent door, AmberJosephineLiu's ghost, master MfFE


Innate Abilities, Weirdness & Mutations

You are immune to sickness and miasma.
You are immune to poison.
Your flesh is almost immune to the effects of heat. (rF+++)
You are vulnerable to cold. (rC-)
You float through the air rather than walking.
You learn spells naturally, not from books.
Your magical power is your life essence.
You have superior vitality. (+4 MHP)
You have a pair of small antennae on your head.
You are agile. (Dex +2)
You are frail. (-10% HP)
Your natural rate of healing is unusually fast.
Your spells are a little harder to cast, but a little more powerful.


Message History

There is a stone staircase leading down here.
There is a stone staircase leading up here.
You fly upwards.
There is a stone staircase leading down here.
You see here 4 large rocks.
There is a stone staircase leading up here.
You fly upwards.
There is a stone staircase leading down here.
There is an open door here.
There is a stone staircase leading up here.
You fly upwards.
There is a stone staircase leading down here.
You see here a +0 flail.
Things that are here:
a +0 animal skin; a +0 club
There is a stone staircase leading up here.
You fly upwards.
There is a stone staircase leading down here.
There is a large open door here.
There is a large open door here.
There is a fountain of clear blue water here.
There is a staircase leading out of the dungeon here.
As you read the scroll of summoning, it crumbles to dust.
Wisps of shadow whirl around you...
As you read the scroll of summoning, it crumbles to dust.
Wisps of shadow whirl around you...
As you read the scroll of summoning, it crumbles to dust.
Wisps of shadow whirl around you...
Okay, then.
Okay, then.
Really quaff the potion of mutation?
You feel extremely strange.
You feel a little healthier.
Your body's shape seems more normal.
You feel stronger.
You feel less in control of your magic.
You feel agile.
Unknown command.
Really quaff the potion of mutation?
You feel extremely strange.
You regain control of your magic.
You feel healthier.
You begin to heal more quickly.
You feel less in control of your magic.
You have escaped!

##..........................#
#.####...###.#######.#######
#.#............8.....#######
#.#.###..#..##...##..######
##.#.# #..#...##.##...###
...#.# #..#.#..#'#..#.##
...#.###..#.#..#S#....#
...#).....#...##S##...#
...######.#...Sg@rg...#
).............##g##...#
..########.....#l#....# ...#
#..#..#'#..#.# ...#
##...##.##...# ...#
#..##...##..# ...#
#..)..8.....# ...#
#.....#####.# ...######
#####.#####.########


You could see 2 friendly hobgoblins, a friendly goblin (summoned), 3 friendly
ball pythons, a friendly frilled lizard (summoned) and a friendly rat
(summoned).

Vanquished Creatures
  the Royal Jelly (Slime:5)
  An ancient lich (Zot:5)
  6 orbs of fire
  A juggernaut (Depths:3)
  3 Killer Klowns
  Bai Suzhen (Vaults:4)
  Xtahua (Vaults:4)
  A curse toe (Zot:1)
  2 profane servitors
  2 bone dragons
  10 golden dragons
  An electric golem (Zot:5)
  3 hellephants (Depths:3)
  8 tentacled monstrosities
  A walking crystal tome (Depths:3)
  23 Orb Guardians (Zot:5)
  2 liches
  3 quicksilver dragons
  Asterion (Depths:1)
  12 acid blobs
  3 deep elf master archers (Elf:3)
  A titan (Depths:2)
  4 deep elf blademasters (Elf:3)
  5 ancient champions
  7 sphinxes
  A tentacled starspawn (Abyss:3)
  4 death cobs
  An Executioner (Depths:3)
  Frances (Swamp:1)
  7 storm dragons
  5 nagarajas (Snake:4)
  2 tengu reavers
  5 shadow dragons
  A demonspawn warmonger (D:15)
  4 draconian knights
  5 fire giants
  16 azure jellies
  An iron dragon (Depths:4)
  6 rockslimes
  3 revenants
  2 draconian monks
  6 deep elf sorcerers
  A draconian scorcher (Zot:5)
  7 frost giants
  10 vault wardens
  The ghost of Totodit the Fighter, a journeyman GrEE of Vehumet (Lair:6)
  A ghost moth (Zot:5)
  4 draconian shifters
  2 imperial myrmidons (Desolation)
  2 deep elf elementalists (Elf:3)
  2 curse skulls
  A spriggan defender (Depths:3)
  4 quicksilver oozes
  A juggernaut skeleton (Crypt:2)
  24 very ugly things
  3 draconian annihilators
  9 ghouls
  2 deep elf demonologists (Elf:3)
  15 ironbound preservers
  12 stone giants
  An eleionoma (Swamp:2)
  5 vampire knights
  3 ironbound thunderhulks (Vaults:3)
  5 black draconians
  A demonspawn black sun (D:15)
  3 lorocyprocas
  8 deep elf annihilators
  9 green draconians
  5 spark wasps
  12 dire elephants
  10 white draconians
  2 entropy weavers
  4 halazid warlocks (Desolation)
  5 yellow draconians
  6 purple draconians
  8 red draconians
  2 blizzard demons
  12 deep elf death magi
  A green death (Zot:1)
  2 crystal guardians (Vaults:3)
  2 eidola
  4 ettins
  12 fire dragons
  6 ice dragons
  11 great orbs of eyes
  A deep elf high priest (Elf:3)
  17 jiangshi
  5 yaktaur captains
  3 salamander tyrants (Snake:4)
  3 servants of whispers (Desolation)
  8 peacekeepers
  4 ragged hierophants (Desolation)
  4 boulder beetles
  3 catoblepae
  4 naga warriors (Snake:4)
  16 hydras
  8 vault guards
  7 ironbound frosthearts
  7 spriggan air magi
  A rakshasa (Depths:1)
  3 two-headed ogres
  4 centaur warriors
  A fenstrider witch skeleton (Crypt:1)
  2 spriggan skeletons
  7 death knights
  29 dancing weapons
  3 death yaks
  3 tengu warriors
  2 deep troll shamans
  An anaconda (Snake:4)
  10 hell hogs (Depths:3)
  A deep troll earth mage (Depths:3)
  2 titan zombies (Crypt:1)
  3 spriggan berserkers
  4 vampire magi
  2 shock serpents
  7 naga sharpshooters
  A spectral dire elephant (Crypt:3)
  2 sun demons
  6 hell knights
  13 deep elf knights
  2 iron trolls
  4 salamander mystics (Snake:4)
  6 sea snakes (Snake:3)
  36 skeletal warriors
  2 shadow wraiths
  A bunyip zombie (Crypt:1)
  3 goliath frogs
  2 spriggan druids
  7 flayed ghosts
  2 glowing orange brains
  An anaconda zombie (Crypt:1)
  58 deep trolls
  5 deep elf archers
  A naga ritualist (Snake:4)
  2 shadow demons
  14 ironbound convokers
  5 phantasmal warriors
  A harpy (shapeshifter) (D:15)
  2 swamp dragons
  3 orc knights
  3 lindwurms
  A shadow dragon zombie (Crypt:2)
  27 deep elf zephyrmancers
  6 harpies
  6 bog bodies
  9 necromancers
  10 wizards
  26 deep elf pyromancers
  An orc sorcerer (Orc:2)
  2 human zombies
  A shining eye (Slime:1)
  4 mana vipers
  A shadow dragon skeleton (Crypt:1)
  19 moths of wrath
  66 slime creatures
  A glowing shapeshifter (Depths:4)
  2 will-o-the-wisps
  A cyclops (D:15)
  8 salamanders (Snake:4)
  33 ugly things
  11 manticores
  11 elephants
  13 black mambas
  A guardian serpent (shapeshifter) (Elf:3)
  4 guardian serpents
  13 vault sentinels
  2 dire elephant zombies
  An iron dragon skeleton (Crypt:1)
  A naga zombie (Crypt:1)
  An eye of devastation (shapeshifter) (Vaults:2)
  A shock serpent zombie (Crypt:1)
  5 naga magi
  A human skeleton (Crypt:1)
  4 stone giant skeletons
  3 eyes of devastation
  3 cane toads
  A gargoyle (D:11)
  8 komodo dragons
  3 centaur skeletons
  A purple draconian zombie (Crypt:2)
  A steelbarb worm zombie (Crypt:1)
  2 rime drakes
  A komodo dragon (shapeshifter) (Elf:3)
  An orc skeleton (Crypt:1)
  12 yaktaurs
  8 freezing wraiths
  2 kobold demonologists
  An ice devil (Depths:2)
  A redback zombie (Crypt:2)
  A hellwing (Depths:2)
  3 tengu conjurers
  3 polar bears (Lair:1)
  2 harpy zombies
  A hydra zombie (Crypt:1)
  A bloated husk (Swamp:4)
  A harpy skeleton (Crypt:1)
  5 trolls
  4 blink frogs
  3 hornets
  A guardian serpent zombie (Crypt:1)
  7 tyrant leeches
  3 dream sheep
  A raiju (Abyss:3)
  42 saltlings (Desolation)
  2 large abominations (Crypt:3)
  2 black mamba zombies (Crypt:1)
  A stone giant simulacrum (Crypt:1)
  A jumping spider (shapeshifter) (Vaults:4)
  51 flying skulls
  2 ettin skeletons
  A fire dragon skeleton (Crypt:1)
  A spectral black mamba (Crypt:3)
  2 centaur simulacra (D:15)
  4 spriggans
  An air elemental (Elf:2)
  2 starcursed masses (Abyss:3)
  11 wraiths
  2 humans (shapeshifter)
  2 wyverns
  3 shadows
  A ynoxinul (Depths:2)
  22 yaks
  2 water elementals
  3 fire elementals
  4 humans (D:13)
  2 basilisks
  A yaktaur simulacrum (Vaults:4)
  The ghost of
  333333333 the Grave Robber, an amateur DsNe of Ashenzari (D:4)
  2 golden eyes (Slime:4)
  2 steam dragons
  7 vampire mosquitoes
  An ogre zombie (Vaults:4)
  A merfolk zombie (Crypt:1)
  A redback (Vaults:3)
  2 wargs
  2 swamp worms (shapeshifter) (Depths:1)
  17 nagas
  10 swamp worms
  A deep troll zombie (Crypt:1)
  A human simulacrum (Vaults:3)
  6 hell hounds
  13 water moccasins
  2 small abominations (Crypt:3)
  2 black bears (shapeshifter)
  3 black bears
  6 swamp drakes
  14 orc warriors
  A lindwurm zombie (Crypt:2)
  A sky beast (D:7)
  An ice beast (D:7)
  9 necrophages
  3 wolves (Lair:6)
  4 ogres
  4 centaurs
  5 kobold brigands
  An octopode zombie (Crypt:2)
  9 bullfrogs
  An earth elemental (Elf:2)
  A wyvern zombie (D:6)
  A komodo dragon skeleton (Crypt:1)
  A scorpion (D:6)
  6 killer bees
  A yak zombie (Crypt:2)
  5 wights (D:9)
  5 electric eels
  A howler monkey (D:11)
  2 bullfrog zombies
  A jelly (D:4)
  3 centaur zombies
  A quasit (Abyss:3)
  3 hounds
  10 orc priests
  A hell rat (Elf:1)
  An iguana (D:6)
  7 orc wizards
  2 killer bee zombies (D:8)
  3 howler monkey zombies
  A hound skeleton (D:4)
  Robin (D:2)
  6 gnolls
  5 adders
  A white imp (D:5)
  A halfling zombie (Crypt:2)
  2 adder skeletons
  3 worms
  2 dart slugs (D:2)
  26 orcs
  An endoplasm (D:1)
  6 giant cockroaches
  15 goblins
  7 hobgoblins
  3 jackals (D:4)
  29 kobolds
  A quokka (shapeshifter) (Depths:2)
  2 quokkas
  5 ball pythons
  3 bats
  3 frilled lizards
  An orc zombie (Crypt:1)
  3 rats
  2 foxfires (Crypt:3)
  A lurking horror (Zot:4)
  A snaplasher vine (Snake:4)
1631 creatures vanquished.

Vanquished Creatures (collateral kills)
  Jorgrun (Orc:2)
  Mlioglotl (Swamp:4)
  Rupert (D:15)
  A lich (Depths:2)
  2 sphinxes
  A storm dragon (Depths:4)
  Agnes (Snake:1)
  A thorn hunter (Swamp:4)
  2 nagarajas (Snake:4)
  Donald (Snake:4)
  A rockslime (Slime:4)
  A draconian knight (Zot:1)
  A fenstrider witch (Swamp:4)
  Roxanne (Swamp:3)
  6 vault wardens
  An imperial myrmidon (Desolation)
  2 draconian shifters (Zot:1)
  Aizul (Snake:1)
  2 orc warlords
  Louise (Swamp:2)
  9 ironbound preservers
  A draconian stormcaller (Zot:1)
  2 ironbound thunderhulks
  4 very ugly things
  3 eleionomae
  2 yellow draconians (Zot:1)
  A white draconian (Zot:1)
  4 dire elephants
  3 bunyips
  An ettin (Depths:2)
  Josephine (Swamp:1)
  Snorg (Orc:2)
  4 fire dragons
  A yaktaur captain (Vaults:2)
  A great orb of eyes (Vaults:4)
  3 ragged hierophants (Desolation)
  2 salamander tyrants (Snake:4)
  7 naga warriors
  4 vault guards
  17 hydras
  3 boulder beetles
  5 centaur warriors
  6 anacondas
  2 ironbound frosthearts (Vaults:4)
  An alligator (Swamp:1)
  A catoblepas (Lair:6)
  A two-headed ogre (D:11)
  A dancing weapon (Elf:1)
  4 tengu warriors
  4 deep troll shamans
  2 orc high priests (Orc:2)
  A deep troll earth mage (Depths:4)
  3 death yaks (Lair:6)
  8 naga sharpshooters
  2 shock serpents
  An iron troll (Depths:4)
  3 fire crabs (Swamp:4)
  25 deep trolls
  2 salamander mystics
  5 skeletal warriors (D:13)
  3 sea snakes (Snake:3)
  A spriggan druid (Swamp:4)
  10 swamp dragons
  5 naga ritualists
  4 goliath frogs
  8 ironbound convokers
  5 bog bodies
  A lindwurm (Lair:6)
  2 wizards
  4 orc knights
  7 deep elf pyromancers
  2 wolf spider zombies (D:15)
  4 necromancers
  2 will-o-the-wisps
  9 mana vipers
  A harpy (Vaults:3)
  26 ugly things
  17 salamanders
  An orc sorcerer (Orc:2)
  6 shining eyes
  2 manticores
  2 cyclopes
  7 elephants
  A molten gargoyle (Swamp:4)
  9 naga magi
  6 vault sentinels
  14 black mambas
  A guardian serpent (Snake:4)
  10 cane toads
  A centaur zombie (D:11)
  A torpor snail (Lair:6)
  2 centaur skeletons (D:15)
  A rime drake (Lair:2)
  8 komodo dragons
  A kobold demonologist (D:14)
  11 yaktaurs
  A polar bear (Lair:6)
  A hornet (Swamp:2)
  2 tyrant leeches
  A dream sheep (shapeshifter) (Vaults:2)
  7 saltlings (Desolation)
  6 blink frogs
  9 dream sheep
  20 slime creatures
  5 spriggans
  A wyvern (Lair:2)
  3 wraiths (Swamp:1)
  25 yaks
  14 humans (D:13)
  3 golden eyes (Slime:4)
  2 steam dragons (Swamp:4)
  5 basilisks
  4 vampire mosquitoes
  31 nagas
  10 swamp worms
  7 water moccasins
  A floating eye (shapeshifter) (D:15)
  8 swamp drakes
  2 black bears
  15 orc warriors
  5 wolves
  An ogre (Orc:2)
  4 centaurs (D:13)
  A kobold brigand (D:10)
  3 bullfrogs
  A scorpion (Lair:4)
  2 killer bees (D:11)
  An electric eel (Snake:3)
  A nameless horror (Snake:1)
  3 howler monkeys (D:11)
  4 orc priests
  11 orc wizards
  35 orcs
  3 kobolds
  7 briar patches (Swamp:4)
  2 bushes (Lair:6)
642 creatures vanquished.

Vanquished Creatures (others)
  A naga warrior (Snake:4)
  A will-o-the-wisp (Swamp:4)
  A steam dragon (Swamp:4)
  A fire elemental (Swamp:4)
  152 foxfires
  31 fungi
  215 plants
  30 snaplasher vines
432 creatures vanquished.

Grand Total: 2705 creatures vanquished

Notes
Turn   | Place    | Note
-------+----------+-------------------------------------------
     0 | D:1      | DiogoH the Djinni Fire Elementalist began the quest for the
                  | Orb.
     0 | D:1      | Reached XP level 1. HP: 15/15 MP: 0/0
   249 | D:1      | Reached XP level 2. HP: 19/22 MP: 0/0
   445 | D:1      | Reached skill level 1 in Fighting
   846 | D:1      | Reached XP level 3. HP: 26/27 MP: 0/0
   846 | D:1      | Learned a level 1 spell: Sting
  1604 | D:1      | Reached XP level 4. HP: 22/32 MP: 0/0
  2061 | D:2      | Reached XP level 5. HP: 35/38 MP: 0/0
  2061 | D:2      | Learned a level 2 spell: Ensorcelled Hibernation
  2263 | D:2      | Noticed Robin
  2432 | D:2      | Killed Robin
  3025 | D:3      | Found an opulent altar of Gozag.
  3240 | D:3      | Reached XP level 6. HP: 41/45 MP: 0/0
  3572 | D:3      | Found a faded altar of an unknown god.
  4497 | D:4      | Noticed a black bear
  4505 | D:4      | Killed a black bear
  4575 | D:4      | Found a runed translucent door.
  4576 | D:4      | Noticed 333333333's ghost (amateur DsNe)
  4941 | D:5      | Entered Level 5 of the Dungeon
  4944 | D:5      | Reached XP level 7. HP: 46/50 MP: 0/0
  4944 | D:5      | Learned a level 2 spell: Static Discharge
  5013 | D:5      | Reached skill level 5 in Spellcasting
  5135 | D:5      | Found a sacrificial altar of Ru.
  5138 | D:5      | You are sucked into a shaft and drop 2 floors!
  5602 | D:5      | Found a hide-covered altar of Uskayaw.
  5794 | D:5      | Reached XP level 8. HP: 46/58 MP: 0/0
  6108 | D:5      | Found an ornate altar of the Wu Jian Council.
  6569 | D:6      | Noticed a two-headed ogre
  6582 | D:6      | Killed a two-headed ogre
  6583 | D:6      | Reached skill level 5 in Fighting
  6583 | D:6      | Reached XP level 9. HP: 53/66 MP: 0/0
  6583 | D:6      | Learned a level 4 spell: Ice Form
  6956 | D:6      | Noticed a manticore
  7293 | D:6      | Found a staircase to the Ecumenical Temple.
  7348 | Temple   | Entered the Ecumenical Temple
  7924 | D:6      | Killed a manticore
  8582 | D:7      | Found a faded altar of an unknown god.
  8582 | D:7      | Found a bloodstained altar of Trog.
  8589 | D:7      | Found a basalt altar of Yredelemnul.
  8591 | D:7      | Found a glowing golden altar of the Shining One.
  8592 | D:7      | Found a blossoming altar of Fedhas.
  8827 | D:7      | Reached XP level 10. HP: 35/76 MP: 0/0
  9022 | D:7      | Found a broken altar of Ashenzari.
  9032 | D:7      | Became a worshipper of Ashenzari the Shackled
  9081 | D:7      | Found a snail-covered altar of Cheibriados.
  9352 | D:7      | Reached skill level 5 in Dodging
 10367 | D:9      | Found a white marble altar of Elyvilon.
 10415 | D:9      | Found a staircase to the Orcish Mines.
 11308 | D:9      | Reached * piety under Ashenzari
 11308 | D:9      | Identified a scroll of acquirement
 11311 | D:9      | Acquired the +2 kite shield of Teocanin {rF- Regen+ SInv
                  | Stlth+}
 11349 | D:9      | Found Riqurruvi's Distillery.
 11357 | D:9      | Bought a potion of curing for 33 gold pieces
 11553 | D:9      | Noticed a kobold demonologist
 11557 | D:9      | Noticed an ice devil
 11559 | D:9      | Noticed an orange demon
 11559 | D:9      | Killed a kobold demonologist
 11634 | D:9      | Identified the cursed +0 helmet "Behold Eternity" {Self,
                  | Fort} (You took it off Robin on level 2 of the Dungeon)
 11828 | D:9      | Reached skill level 1 in Shields
 12535 | D:9      | Reached ** piety under Ashenzari
 12937 | D:10     | Entered Level 10 of the Dungeon
 13209 | D:10     | Found a staircase to the Lair.
 13230 | D:10     | Noticed a komodo dragon
 13238 | D:10     | Killed a komodo dragon
 13239 | D:10     | Reached skill level 10 in Fighting
 13239 | D:10     | Reached XP level 11. HP: 78/89 MP: 0/0
 13239 | D:10     | Learned a level 4 spell: Summon Lightning Spire
 13316 | D:10     | Found Plog's Weapon Boutique.
 14310 | D:10     | Found Zoyviget's Neck Hole.
 14319 | D:10     | Bought a scarf of resistance for 448 gold pieces
 14523 | Lair:1   | Entered Level 1 of the Lair of Beasts
 14530 | D:10     | Reached *** piety under Ashenzari
 14687 | Lair:1   | Noticed an elephant
 14689 | Lair:1   | Noticed an elephant
 14691 | Lair:1   | Noticed an elephant
 14696 | Lair:1   | Killed an elephant
 15630 | Lair:1   | Killed an elephant
 15632 | Lair:1   | Killed an elephant
 15941 | Lair:1   | Reached XP level 12. HP: 84/99 MP: 0/0
 16060 | Lair:1   | Noticed a seven-headed hydra
 16066 | Lair:1   | Killed a seven-headed hydra
 16067 | Lair:1   | Reached skill level 5 in Shields
 16406 | Lair:1   | Identified the cursed +0 pair of gloves "Cursed With Me"
                  | {Fort, Evo} (You found it on level 5 of the Dungeon)
 16406 | Lair:1   | Identified the cursed +0 robe "Esoteric Adversity" {Cun,
                  | Melee}
 16801 | Lair:2   | Noticed a five-headed hydra
 16809 | Lair:2   | Killed a five-headed hydra
 16989 | Lair:2   | Found a staircase to the Swamp.
 17602 | Lair:2   | Noticed a death yak
 17614 | Lair:2   | Killed a death yak
 18529 | Lair:2   | Reached XP level 13. HP: 52/109 MP: 0/0
 18529 | Lair:2   | Learned a level 5 spell: Summon Forest
 19040 | Lair:2   | Noticed a five-headed hydra
 19048 | Lair:2   | Killed a five-headed hydra
 19234 | Lair:2   | Reached skill level 5 in Armour
 19243 | Lair:2   | Noticed a catoblepas
 19263 | Lair:2   | Killed a catoblepas
 19298 | Lair:2   | Noticed a boulder beetle
 19307 | Lair:2   | Reached skill level 10 in Dodging
 19313 | Lair:2   | Killed a boulder beetle
 20221 | Lair:3   | Found a staircase to the Snake Pit.
 20377 | Lair:4   | Noticed an eight-headed hydra
 20384 | Lair:4   | Killed an eight-headed hydra
 20648 | Lair:4   | Reached **** piety under Ashenzari
 20668 | Lair:4   | Identified the +2 ring mail "Xuczeown" {Will- Dex+7}
 20799 | Lair:4   | Noticed a seven-headed hydra
 20812 | Lair:4   | Killed a seven-headed hydra
 21114 | Lair:4   | Noticed a four-headed hydra
 21122 | Lair:4   | Killed a four-headed hydra
 21206 | Lair:3   | Noticed a catoblepas
 21290 | Lair:4   | Killed a catoblepas
 21291 | Lair:4   | Reached XP level 14. HP: 93/119 MP: 0/0
 21509 | Lair:5   | Reached ***** piety under Ashenzari
 21680 | Lair:5   | Reached skill level 10 in Spellcasting
 22250 | Lair:6   | Entered Level 6 of the Lair of Beasts
 22432 | Lair:6   | Noticed Totodit's ghost (journeyman GrEE)
 22508 | Lair:6   | Found a runed translucent door.
 22863 | Lair:6   | Found a staircase to the Slime Pits.
 23532 | Lair:6   | Acquired a manual of Shields
 23796 | Orc:1    | Entered Level 1 of the Orcish Mines
 23902 | Orc:2    | Entered Level 2 of the Orcish Mines
 23902 | Orc:2    | Found a staircase to the Elven Halls.
 23920 | Orc:2    | Found Uhomet's Magic Scroll Shoppe.
 23953 | Orc:2    | Reached XP level 15. HP: 126/130 MP: 0/0
 23953 | Orc:2    | Learned a level 6 spell: Dispersal
 23968 | Orc:2    | Bought a scroll of magic mapping for 52 gold pieces
 23968 | Orc:2    | Bought a scroll of blinking for 112 gold pieces
 24051 | Orc:2    | Reached skill level 1 in Evocations
 24111 | Orc:2    | Found Tibroe's Weapon Shoppe.
 24229 | Orc:2    | Noticed Jorgrun
 24240 | Orc:2    | Killed Jorgrun
 24291 | Orc:2    | Noticed an orc warlord
 24297 | Orc:2    | Noticed Snorg
 24302 | Orc:2    | Killed an orc warlord
 24306 | Orc:2    | Killed Snorg
 24585 | Orc:2    | Found Pipteam's Antique Armour Shop.
 24594 | Orc:2    | Found Pahejo's Antique Weapon Boutique.
 24809 | Orc:2    | Bought a glowing hat for 189 gold pieces
 24857 | Orc:2    | Bought a scroll of teleportation for 45 gold pieces
 24857 | Orc:2    | Bought a scroll of teleportation for 45 gold pieces
 24857 | Orc:2    | Bought a scroll of teleportation for 45 gold pieces
 24948 | D:9      | Bought 2 potions of haste for 220 gold pieces
 24948 | D:9      | Bought a potion of resistance for 110 gold pieces
 24948 | D:9      | Bought a potion of might for 44 gold pieces
 25398 | D:11     | Found a burning altar of Makhleb.
 25398 | D:11     | Noticed a balrug
 26693 | D:11     | Found a portal to a secret trove of treasure.
 27124 | D:12     | Identified the +3 buckler of Gehenna {*Slow rF++ rC++}
 27938 | D:13     | Found a gate to the Vaults.
 28168 | D:13     | Reached XP level 16. HP: 125/136 MP: 0/0
 28170 | D:13     | Reached skill level 15 in Fighting
 28636 | D:14     | Reached skill level 5 in Evocations
 29619 | D:15     | Entered Level 15 of the Dungeon
 29783 | D:15     | Noticed Rupert
 29788 | D:15     | Killed Rupert
 29853 | D:15     | Reached skill level 10 in Armour
 30034 | D:15     | Acquired the +5 pair of gloves of Perpetual Drought {Str+6}
 30152 | D:15     | Found a basalt altar of Yredelemnul.
 30568 | D:15     | Found a staircase to the Depths.
 30851 | D:4      | Killed 333333333's ghost
 31035 | Swamp:1  | Entered Level 1 of the Swamp
 31041 | Swamp:1  | Noticed Josephine
 31055 | Swamp:1  | Killed Josephine
 31127 | Swamp:1  | Noticed Frances
 31381 | Swamp:1  | Reached XP level 17. HP: 141/141 MP: 0/0
 31381 | Swamp:1  | Learned a level 7 spell: Monstrous Menagerie
 31390 | Swamp:1  | Killed Frances
 31652 | Swamp:2  | Noticed Louise
 31952 | Swamp:2  | Killed Louise
 32086 | Swamp:2  | Identified the Catalogue of Combat Magic
 32541 | Swamp:3  | Identified Roxanne's Tome of Clay
 32541 | Swamp:3  | Noticed Roxanne
 33130 | Swamp:3  | Killed Roxanne
 33146 | Swamp:4  | Entered Level 4 of the Swamp
 33452 | Swamp:4  | Noticed a thorn hunter
 33460 | Swamp:4  | Killed a thorn hunter
 33692 | Swamp:4  | Reached XP level 18. HP: 154/154 MP: 0/0
 33741 | Swamp:4  | Noticed Mlioglotl
 33747 | Swamp:4  | Noticed a bone dragon
 33759 | Swamp:4  | Killed Mlioglotl
 33861 | Swamp:4  | Reached skill level 15 in Dodging
 33877 | Swamp:4  | Got a decaying rune of Zot
 34251 | Snake:1  | Entered Level 1 of the Snake Pit
 34416 | Snake:1  | Noticed Aizul
 34421 | Snake:1  | Killed Aizul
 34827 | Snake:1  | Noticed Agnes
 35175 | Snake:1  | Killed Agnes
 36744 | Snake:4  | Entered Level 4 of the Snake Pit
 36751 | Snake:4  | Reached skill level 10 in Evocations
 36751 | Snake:4  | Reached XP level 19. HP: 132/168 MP: 0/0
 36751 | Snake:4  | Learned a level 6 spell: Iron Shot
 37030 | Snake:4  | Noticed Donald
 37165 | Snake:4  | Killed Donald
 38051 | Snake:4  | Got a serpentine rune of Zot
 38434 | Vaults:1 | Entered Level 1 of the Vaults
 38916 | Vaults:1 | Reached XP level 20. HP: 149/176 MP: 0/0
 41099 | Vaults:2 | Found a crumbling gateway.
 41107 | Desolati | Entered the Desolation of Salt
 41174 | Desolati | Identified the ring of Ohanaupn {rN+ Str+9}
 41178 | Desolati | Identified the +1 ice dragon scales "Apsikk" {+Inv rElec
                  | rF- rC++ Slay+3}
 41205 | Desolati | Found the +8 orange crystal plate armour {Archmagi, Int+3
                  | Clar}
 41629 | Desolati | Identified Joecall's Compendium of Twisted Hexes
 41629 | Desolati | Identified the amulet of Arrival {RegenMP Fragile rElec
                  | Dex+7}
 41629 | Desolati | Identified the ring "Medauvok" {rN+ Will+ Dex+4}
 41648 | Desolati | Identified the ring "Ittegizi" {MP+9 Int+6}
 41674 | Desolati | Identified the ring "Nucemowk" {rPois Str-4 Dex+6}
 41783 | Desolati | Found the +3 giant club "Skullcrusher" {speed, Str+7}
 41808 | Desolati | Found the +7 lajatang of Order {silver, rMut}
 41820 | Desolati | Identified the +6 long sword of Ryan Voth {drain, rC+}
 42156 | Desolati | Reached XP level 21. HP: 133/184 MP: 0/0
 42156 | Desolati | Learned a level 7 spell: Orb of Destruction
 42577 | Vaults:2 | Found Gozag's Antique Weapon Shoppe.
 42582 | Vaults:2 | Found an opulent altar of Gozag.
 42582 | Vaults:2 | Found Gozag's Antique Armour Shoppe.
 42590 | Vaults:2 | Found Gozag's Antique Armour Emporium.
 43028 | Vaults:2 | Cast into level 2 of the Abyss (a wizard)
 43133 | Vaults:2 | Escaped the Abyss
 43424 | Vaults:2 | Found a basalt altar of Yredelemnul.
 43425 | Vaults:2 | Found a staircase to the Crypt.
 43644 | Vaults:2 | Reached skill level 15 in Armour
 44852 | Vaults:3 | Reached XP level 22. HP: 171/191 MP: 0/0
 45589 | Vaults:3 | Reached skill level 15 in Spellcasting
 45815 | Vaults:4 | Found Xeja's Book Shoppe.
 45841 | Vaults:4 | Bought a manual of Spellcasting for 1280 gold pieces
 45920 | Vaults:4 | Noticed Bai Suzhen
 45987 | Vaults:4 | Killed Bai Suzhen
 46004 | Vaults:4 | Noticed Xtahua
 46006 | Vaults:4 | Paralysed by Xtahua for 4 turns
 46007 | Vaults:4 | Killed Xtahua
 46271 | D:11     | You paid a toll of +4 fire dragon scales to enter a
                  | treasure trove
 46272 | Trove    | Entered a treasure trove
 46281 | Trove    | Identified the +2 robe of Grace {rF+ Regen+ rCorr}
 46283 | Trove    | Identified the +2 pair of gloves "Gileon" {rPois Str+8}
 46287 | Trove    | Identified the ring "Weonic" {Ice rN++ Int+5 Dex-4}
 47599 | Vaults:4 | Reached XP level 23. HP: 184/199 MP: 0/0
 47599 | Vaults:4 | Learned a level 8 spell: Necromutation
 48883 | Elf:1    | Entered Level 1 of the Elven Halls
 49385 | Elf:1    | Identified the +5 ring mail of Mental Paralysis {-Tele rF++
                  | Str+3 SInv}
 50152 | Elf:2    | Found Zasextif's Armour Shop.
 50194 | Elf:2    | Found Cuxaydol's Antique Armour Shoppe.
 50380 | Elf:2    | Found Pyos's Antique Weapon Shoppe.
 50498 | Elf:2    | Found Bacloll's Armour Shop.
 51202 | Depths:1 | Entered Level 1 of the Depths
 51206 | Depths:1 | Found Jusit's Jewellery Shop.
 51407 | Depths:1 | Noticed Asterion
 51417 | Depths:1 | Killed Asterion
 51915 | Depths:1 | Found Gekytt's Book Boutique.
 52017 | Depths:1 | Found a gateway to Hell.
 52091 | Depths:1 | Found a one-way gate to the infinite horrors of the Abyss.
 52144 | Depths:1 | Found Faing's Distillery.
 52156 | Depths:1 | Found a sparkling altar of Nemelex Xobeh.
 52191 | Depths:1 | Found Ceopea Dope's Jewellery Emporium.
 52227 | Depths:1 | Found Ybenoups's Antique Armour Emporium.
 53234 | Depths:2 | Found a burning altar of Makhleb.
 53301 | Depths:2 | Reached XP level 24. HP: 185/206 MP: 0/0
 53459 | Depths:2 | Reached skill level 1 in Staves
 53804 | Depths:2 | Identified Sif Muna's Intricacies of Magic
 54141 | Depths:2 | Found a one-way gate leading to the halls of Pandemonium.
 54924 | Depths:3 | Noticed a juggernaut
 54946 | Depths:3 | Noticed a golden dragon
 54965 | Depths:3 | Found a one-way gateway to a ziggurat.
 56302 | Depths:3 | Found a one-way gateway to a ziggurat.
 56319 | Depths:3 | Reached skill level 15 in Evocations
 57272 | Depths:3 | Identified the +7 hunting sling of Resourcefulness {flame,
                  | rN+ Str-3 SInv}
 57321 | Depths:3 | Killed a juggernaut
 57341 | Depths:3 | Noticed a golden dragon
 57383 | Depths:3 | Identified the +11 short sword of Noon {freeze, rN+ Stlth+}
 57387 | Depths:3 | Noticed a golden dragon
 57470 | Depths:3 | Killed a golden dragon
 57501 | Depths:3 | Killed a golden dragon
 57545 | Depths:3 | Killed a golden dragon
 57658 | Depths:4 | Entered Level 4 of the Depths
 57672 | Depths:4 | Reached XP level 25. HP: 185/214 MP: 0/0
 57672 | Depths:4 | Learned a level 9 spell: Chain Lightning
 57691 | Depths:4 | Reached ****** piety under Ashenzari
 58050 | Depths:4 | Reached skill level 5 in Staves
 58520 | Depths:4 | Found a gate to the Realm of Zot.
 59217 | Elf:3    | Entered Level 3 of the Elven Halls
 59356 | Elf:2    | Found a runed translucent gate.
 59356 | Elf:2    | Found a runed translucent gate.
 59356 | Elf:2    | Found a runed translucent gate.
 61139 | Elf:3    | Reached XP level 26. HP: 183/221 MP: 0/0
 61163 | Elf:3    | Identified the +4 broad axe "Kugenev" {drain, rN++}
 61236 | Elf:3    | Identified the ring "Cynyf" {rElec rPois Will+ Str+2}
 61237 | Elf:3    | Identified the ring of Dishonour {rF+ rN+ Str+4 Dex-4}
 61238 | Elf:3    | Identified the +6 spear "Juemp" {antimagic, rElec Int+2}
 61743 | Crypt:1  | Entered Level 1 of the Crypt
 61775 | Crypt:1  | Identified the ring of Xom's Bemusement {Ice Fly rElec
                  | rPois Str+7}
 61910 | Crypt:1  | Identified the +0 plate armour of Chimes {Fly rPois rN+
                  | Str-4}
 64309 | Crypt:3  | Entered Level 3 of the Crypt
 64788 | Crypt:3  | Found a basalt altar of Yredelemnul.
 64885 | Crypt:3  | Identified the Catalogue of Darkness
 64887 | Crypt:3  | Identified the amulet of Icwih {Reflect +Inv Slay+4 SH+5}
 64929 | Crypt:3  | Found the +4 skin of Zhor {*Englaciate rC+++ SInv}
 65138 | Crypt:3  | Reached XP level 27. HP: 183/228 MP: 0/0
 65138 | Crypt:3  | Learned a level 9 spell: Polar Vortex
 65448 | Crypt:3  | Found a staircase to the Tomb.
 65535 | Crypt:3  | Upgraded the game from 0.28-b1-25-g9875b3fc8c to 0.28.0
 65946 | Lair:6   | Killed Totodit's ghost
 65988 | Slime:1  | Entered Level 1 of the Pits of Slime
 66025 | Slime:1  | Gained mutation: You have hidden genetic defects. [a
                  | shining eye]
 66253 | Slime:3  | Gained mutation: You have terrible hidden genetic defects.
                  | [a shining eye]
 66558 | Slime:4  | Found a viscous altar of Jiyva.
 66834 | Slime:5  | Entered Level 5 of the Pits of Slime
 66924 | Slime:5  | Gained mutation: Armour fits poorly on your strangely
                  | shaped body. [hidden defects]
 67023 | Slime:5  | Gained mutation: Your body sometimes deteriorates upon
                  | taking damage. [a shining eye]
 67229 | Slime:5  | Noticed the Royal Jelly
 67235 | Slime:5  | Identified the cursed +3 troll leather armour of the Mantic
                  | Pleiades {Regen+, Snorg, Melee, Cun} (You found it on level
                  | 2 of the Orcish Mines)
 67239 | Slime:5  | Killed the Royal Jelly
 67425 | Slime:5  | Identified the +3 scale mail "Wugoi" {rCorr}
 67425 | Slime:5  | Identified the +5 morningstar of Tender Mercy {drain, rC+
                  | Str+4}
 67427 | Slime:5  | Identified the +8 halberd "Guedepne" {vorpal, rF+ Int+5}
 67428 | Slime:5  | Identified the +10 dagger of Slow Death {drain, rElec rPois
                  | rN+++ Will-}
 67446 | Slime:5  | Identified Ushreuce's Theurgy, Part Six
 67448 | Slime:5  | Identified the Compendium of Supportive Fire
 67456 | Slime:5  | Got a slimy rune of Zot
 67478 | Slime:5  | Identified the +3 quarterstaff of True Grit {holy, rC+
                  | Str-5 Dex+4 SInv}
 67991 | D:9      | Bought a potion of ambrosia for 88 gold pieces
 67991 | D:9      | Bought a potion of attraction for 33 gold pieces
 67991 | D:9      | Bought a potion of mutation for 88 gold pieces
 68114 | Elf:2    | Bought a runed hat for 266 gold pieces
 68377 | Depths:1 | Bought 2 potions of curing for 102 gold pieces
 68377 | Depths:1 | Bought a potion of attraction for 51 gold pieces
 68377 | Depths:1 | Bought 2 potions of curing for 102 gold pieces
 68377 | Depths:1 | Bought a potion of haste for 170 gold pieces
 68377 | Depths:1 | Bought a potion of invisibility for 136 gold pieces
 68377 | Depths:1 | Bought a potion of haste for 170 gold pieces
 68377 | Depths:1 | Bought a potion of curing for 51 gold pieces
 68377 | Depths:1 | Bought a potion of curing for 51 gold pieces
 68414 | Depths:1 | Bought a slimy cloak for 180 gold pieces
 68414 | Depths:1 | Identified the +0 cloak of Coratt {Harm rC+ Str+2 Stlth-}
                  | (You bought it in a shop on level 1 of the Depths)
 68682 | Elf:2    | Bought a +0 helmet of intelligence for 207 gold pieces
 69026 | Zot:1    | Entered Level 1 of the Realm of Zot
 69111 | Depths:4 | Gained mutation: Your body often deteriorates upon taking
                  | damage. [hidden defects]
 69111 | Depths:4 | Lost mutation: You have terrible hidden genetic defects.
                  | [hidden defects expressed]
 70398 | Zot:2    | Identified the +0 robe of Jechu {rF+ Str+4}
 70406 | Zot:2    | Gained mutation: Potions are less effective at restoring
                  | your health. [hidden defects]
 70522 | Zot:2    | Noticed a Killer Klown
 70529 | Zot:2    | Killed a Killer Klown
 70582 | Zot:2    | Found Car Herhi's Changing Room.
 70591 | Zot:2    | Bought a potion of mutation for 112 gold pieces
 70591 | Zot:2    | Bought a potion of lignification for 42 gold pieces
 70591 | Zot:2    | Bought a potion of lignification for 42 gold pieces
 70591 | Zot:2    | Bought a wand of polymorph (4) for 84 gold pieces
 70591 | Zot:2    | Bought a potion of mutation for 112 gold pieces
 71203 | Zot:3    | Found a runed translucent door.
 71203 | Zot:3    | Noticed ShutUppercut's ghost (legendary DsGl)
 71550 | Zot:4    | Noticed an orb of fire
 71551 | Zot:4    | Gained mutation: You tend to lose your temper in combat.
                  | [an orb of fire]
 71552 | Zot:4    | Killed an orb of fire
 71559 | Zot:4    | Gained mutation: You are frail. (-10% HP) [hidden defects]
 71559 | Zot:4    | Lost mutation: You have hidden genetic defects. [hidden
                  | defects expressed]
 71677 | Zot:4    | Found a runed translucent door.
 71679 | Zot:4    | Noticed AmberJosephineLiu's ghost (master MfFE)
 71680 | Zot:4    | Identified the Grimoire of the Rocks
 71681 | Zot:4    | Identified the +0 hat "Baroihij" {rPois Regen+}
 71698 | Zot:4    | Noticed a Killer Klown
 71935 | Zot:4    | Killed a Killer Klown
 72176 | Zot:4    | Found a corrupted altar of Lugonu.
 72330 | Zot:5    | Entered Level 5 of the Realm of Zot
 72801 | Zot:5    | Noticed an ancient lich
 72804 | Zot:5    | Killed an ancient lich
 72854 | Zot:5    | Noticed an orb of fire
 72856 | Zot:5    | Noticed an orb of fire
 72874 | Zot:5    | Noticed an orb of fire
 72877 | Zot:5    | Gained mutation: You have hidden genetic defects. [an orb
                  | of fire]
 72878 | Zot:5    | Gained mutation: You often lose your temper in combat. [an
                  | orb of fire]
 72891 | Zot:5    | Killed an orb of fire
 72895 | Zot:5    | Killed an orb of fire
 72979 | Zot:5    | Noticed a Killer Klown
 72989 | Zot:5    | Killed an orb of fire
 73080 | Zot:5    | Killed a Killer Klown
 73178 | Zot:5    | Gained mutation: You are very frail. (-20% HP) [hidden
                  | defects]
 73201 | Zot:5    | Noticed an orb of fire
 73210 | Zot:5    | Killed an orb of fire
 73287 | Zot:5    | Noticed an orb of fire
 73291 | Zot:5    | Got the Orb of Zot
 73297 | Zot:5    | Killed an orb of fire
 73356 | Zot:4    | Lost mutation: You have hidden genetic defects. [potion of
                  | mutation]
 73356 | Zot:4    | Lost mutation: Potions are less effective at restoring your
                  | health. [potion of mutation]
 73356 | Zot:4    | Gained mutation: You are weak. (Str -2) [potion of
                  | mutation]
 73356 | Zot:4    | Gained mutation: You sometimes lose the ability to read
                  | scrolls when taking damage. [potion of mutation]
 73357 | Zot:4    | Lost mutation: You often lose your temper in combat.
                  | [potion of mutation]
 73357 | Zot:4    | Lost mutation: You are very frail. (-20% HP) [potion of
                  | mutation]
 73357 | Zot:4    | Lost mutation: You tend to lose your temper in combat.
                  | [potion of mutation]
 73357 | Zot:4    | Gained mutation: Your flesh is almost immune to the effects
                  | of heat. (rF+++) [potion of mutation]
 73357 | Zot:4    | Gained mutation: You have a pair of small antennae on your
                  | head. [potion of mutation]
 73357 | Zot:4    | Lost mutation: You sometimes lose the ability to read
                  | scrolls when taking damage. [potion of mutation]
 73885 | D:1      | Lost mutation: Your body often deteriorates upon taking
                  | damage. [potion of mutation]
 73885 | D:1      | Lost mutation: Armour fits poorly on your strangely shaped
                  | body. [potion of mutation]
 73885 | D:1      | Lost mutation: You are weak. (Str -2) [potion of mutation]
 73885 | D:1      | Gained mutation: Your spells are a little harder to cast,
                  | but a little more powerful. [potion of mutation]
 73885 | D:1      | Gained mutation: You are agile. (Dex +2) [potion of
                  | mutation]
 73886 | D:1      | Lost mutation: Your spells are a little harder to cast, but
                  | a little more powerful. [potion of mutation]
 73886 | D:1      | Lost mutation: Your body sometimes deteriorates upon taking
                  | damage. [potion of mutation]
 73886 | D:1      | Gained mutation: Your natural rate of healing is unusually
                  | fast. [potion of mutation]
 73886 | D:1      | Gained mutation: Your spells are a little harder to cast,
                  | but a little more powerful. [potion of mutation]
 73888 | D:$      | Escaped with the Orb!

Illustrated notes

Levels and vault maps discovered:
D:1:      grunt_arrival_crossed_arrows, layout_basic, minmay_misc_feat_rugged
D:2:      layout_basic, uniq_robin
D:3:      layout_basic, grunt_gozag_statues,
          hellmonk_ecumenical_altar_crossroads, kennysheep_generic_room_4
D:4:      nicolae_cairo_tiling, layout_loops_ring, ebering_ghost_reflecting_pool
D:5:      layout_basic, mainiacjoe_overflow_surrounded_room, kennysheep_mini,
          nicolae_ru_awakened_eye, nicolae_overflow_hidden_temple,
          lightli_ossuary_entry_decrepit_ruins
D:6:      layout_loops_ring, minmay_temple_entry_from_below_a, kb_rosetta
D:7:      layout_loops_ring, cheibrodos_ashenzari_chains,
          chequers_temple_overflow_minitemple, mainiacjoe_overflow_alcove_1,
          water_boxes_lemuel
D:8:      layout_loops_ring
D:9:      layout_grid_maze, elyvilon_altar_5, david_orc_3, serial_shops,
          nicolae_shop_trees
D:10:     layout_loops_ring, david_lair_shrubbed, serial_shops,
          nicolae_shop_bloodbath_and_beyond, nicolae_shop_sticking_my_neck_out
D:11:     layout_grid_maze, enter_trove_5, makhleb_altar_promises_db
D:12:     layout_roguey
D:13:     layout_gridville, grunt_vaults_entry_tiered
D:14:     layout_stronghold, chequers_serial_rivers_room_b
D:15:     grunt_enter_depths_magical_seal, layout_rooms, minivault_14,
          lemuel_zombie_altar_yredelemnul, uniq_rupert
Temple:   zaba_magenta_temple
Lair:1:   layout_long_grid, gammafunk_lair_bear_cave
Lair:2:   nzn_winding_woodlands_huge [nzn_winding_woodlands_5x15_parted,
          nzn_winding_woodlands_5x15_jagged,
          nzn_winding_woodlands_5x15_sidewinder,
          nzn_winding_woodlands_5x15_zeroes,
          nzn_winding_woodlands_5x15_river_crossing,
          nzn_winding_woodlands_5x15_concentric,
          nzn_winding_woodlands_5x15_lazy_stream,
          nzn_winding_woodlands_5x15_pockets, nzn_winding_woodlands_5x15_eye,
          nzn_winding_woodlands_5x15_split_checker,
          nzn_winding_woodlands_center_garden,
          nzn_winding_woodlands_center_pierced_h,
          nzn_winding_woodlands_15x15_thick_spiral], layout_long_grid,
          minmay_swamp_entry_worms, lemuel_old_faithful
Lair:3:   layout_gridlike, minmay_snake_entry_spellcaster,
          kennysheep_catoblepas_arena
Lair:4:   layout_long_grid, eino_small_chamber_without_monster
Lair:5:   layout_hall_layers
Lair:6:   grunt_lair_end_beastmaster, layout_cave_pods, slime_dummy,
          ebering_ghost_reflecting_pool, serial_bayou_shore_a
Swamp:1:  layout_basic_swamp, infiniplex_staircase_pool, swamp_pool5,
          uniq_josephine, uniq_frances
Swamp:2:  layout_basic_swamp, serial_swamp_ruin, evilmike_swamp_ruin_house_5,
          hangedman_swamp_ruin_wall, uniq_louise
Swamp:3:  layout_basic_swamp, evilmike_swamp_ruin_house_6, swamp_pool2,
          uniq_roxanne
Swamp:4:  swamp_fiery, layout_basic_swamp, swamp_pool1, uniq_mlioglotl
Snake:1:  layout_misc_corridors, nicolae_snake_snakes_in_the_grass, uniq_agnes,
          uniq_aizul
Snake:2:  layout_misc_corridors, grunt_megastairs_4
Snake:3:  layout_basic
Snake:4:  minmay_snake_end_coiled, layout_cave_shapes, uniq_donald
Slime:1:  layout_caves
Slime:2:  layout_caves
Slime:3:  layout_caves
Slime:4:  layout_caves, basic_altar
Slime:5
Orc:1:    layout_caves, basic_altar, uniq_maurice
Orc:2:    grunt_orc_community_town_hall, layout_diamond_mine,
          grunt_orc_community_big_house_1, grunt_orc_community_big_house_2,
          grunt_orc_community_house_2, grunt_orc_community_house_3,
          grunt_orc_community_house_1, grunt_orc_community_house_1,
          grunt_orc_community_house_3, uniq_jorgrun, uniq_snorg
Elf:1:    minmay_elf_arrival_circle, layout_gridlike, special_room
          [special_room_mythical_zoo], minmay_elf_crystal_heptagon
Elf:2:    nicolae_elf_blades_splatter_lattice
          [nicolae_blade_entry_floor_patterns], layout_loops_corners,
          serial_shops, shop_statue, nicolae_shop_overgrown_old_shop, shop,
          nicolae_shop_waterfront, basic_altar, nicolae_elf_v_pinch
Elf:3:    minmay_elf_hall, layout_geoelf_diagonals,
          portal_ice_cave_entry_pillars_four, special_room
          [special_room_mythical_zoo], minivault_11,
          serial_sigils_hangedman_leer
Vaults:1: v_misc_18, hangedman_vaults_cutoff, nicolae_vaults_what_the_h,
          v_misc_16, vaults_standard_mumra_enter_the_diamond,
          ontoclasm_vaults_idyll, st_more_cells, layout_vaults_omnigrid
Vaults:2: portal_desolation_entry_ruin, vaults_room_door_hall,
          kennysheep_vaults_gozag_temple, hangedman_vaults_maws,
          hangedman_vaults_maws, minmay_crypt_entry_necro_gods,
          hangedman_vaults_pinch, nicolae_vaults_big_ls, hangedman_vaults_maws,
          nicolae_vaults_little_squares_4, ontoclasm_vaults_hangar, v_misc_22,
          nicolae_vaults_rhombus_7, vaults_room_pool, layout_vaults_maze_snakey
Vaults:3: ontoclasm_vaults_pinch, vaults_room_ringed_pool,
          nicolae_vaults_ring_of_whatevers, v_pattern_4,
          nicolae_vaults_network_periphery, v_alt_pattern_5, v_misc_17,
          vaults_room_fours, v_misc_12, v_misc_22, nicolae_vaults_network_star,
          nicolae_vaults_angled_halls, layout_vaults_omnibox
Vaults:4: st_cross, vaults_dpeg_ring, v_misc_4, hangedman_vaults_river_flow,
          hangedman_vaults_stagger, nicolae_vaults_alarming,
          nicolae_vaults_little_squares_4, vaults_room_stairs_pillars,
          dpeg_vaults_monster_row, vaults_mumra_chevron_long,
          vaults_mumra_minichess_inversion, layout_vaults_omnicross,
          serial_shops, nicolae_shop_waterfront, uniq_xtahua, uniq_bai_suzhen
Crypt:1:  layout_misc_corridors, lemuel_mausoleum_altar_kikubaaqudgha,
          grunt_crypt_arrival_webbed
Crypt:2:  layout_gridlike, grunt_megastairs_1
Crypt:3:  grunt_crypt_end_deaths_head
Depths:1: layout_gridlike, minmay_misc_feat_pillars, hell_entry,
          abyss_entry_crystal, serial_shops, shop_statue, shop,
          nicolae_square_shop, nicolae_shop_waterfront, shop,
          hangedman_decor_diamond_cutter, nemelex_xobeh_ov_fountains_minmay,
          uniq_asterion
Depths:2: minmay_blocking_statues, layout_gridlike, vehumet_crystals,
          hell_entry, hangedman_abyss_entry_splay, rand_demon_pan_entry_9,
          nicolae_danse_macabre
Depths:3: minmay_box_of_curves, layout_basic, enter_ziggurat_f, abyss_entry,
          grunt_hell_horde, chequers_hall_statues_corner_a
Depths:4: grunt_zot_entry_gee_three, layout_basic, hangedman_decor_push,
          pf_coc_iceberg
Zot:1:    layout_cathedral_of_symmetry, grunt_megastairs_2
Zot:2:    layout_cellular_growth, nicolae_transmutations_shop
Zot:3:    layout_cellular_growth, gammafunk_ghost_grave,
          hangedman_zot_decor_tridents
Zot:4:    layout_gridville, hellmonk_ghost_big_iron,
          amcnicky_altar_lugonu_corruption
Zot:5:    layout_misc_corridors

Skill      XL: |  1  2  3  4  5  6  7  8  9 10 11 12 13 14 15 16 17 18 19 20 21 22 23 24 25 26 27 |
---------------+----------------------------------------------------------------------------------+-----
Fighting       | 1 2 3 4 5 8 10 11 12 13 14 15 16 17 18 19 | 19.5
Spellcasting   | 3 4 5 6 7 8 9 11 12 13 14 15 18 19 | 19.0
Armour         | 3 4 6 8 9 10 11 12 13 14 15 16 17 19 22 23 | 23.5
Stealth        | 3 4 |  4.0
Dodging        | 4 6 8 9 10 11 13 14 15 16 17 18 19 20 | 20.7
Shields        | 2 4 6 7 |  7.5
Evocations     | 4 6 8 10 11 12 13 14 15 17 23 | 23.0
Staves         | 4 8 |  8.0

Action                   |  1- 3 |  4- 6 |  7- 9 | 10-12 | 13-15 | 16-18 | 19-21 | 22-24 | 25-27 || total
-------------------------+-------+-------+-------+-------+-------+-------+-------+-------+-------++-------
Melee: Unarmed           |     2 |       |     3 |    13 |     2 |       |       |       |       ||    20
       Dagger            |       |     5 |     9 |    14 |    31 |     8 |       |       |       ||    67
       Staff             |       |       |     9 |     1 |     1 |     3 |       |       |     8 ||    22
       Trident           |       |       |       |     5 |       |       |       |       |       ||     5
       Punch             |       |       |       |     1 |       |       |       |       |       ||     1
       Long sword        |       |       |       |       |       |       |     1 |       |       ||     1
 Fire: Hunting sling     |     7 |       |       |       |       |       |       |       |       ||     7
Throw: Dart              |       |       |     1 |       |       |       |       |       |       ||     1
 Cast: Foxfire           |    35 |    28 |       |    10 |     2 |    13 |     2 |       |     1 ||    91
       Scorch            |     6 |    45 |    71 |   265 |   351 |   466 |     9 |       |       ||  1213
       Sting             |     1 |       |     3 |       |     4 |    23 |     3 |       |       ||    34
       Ensorcelled Hiber |       |     4 |     6 |     1 |     2 |       |       |       |       ||    13
       Conjure Flame     |       |     4 |    13 |    25 |    12 |       |       |       |       ||    54
       Ice Form          |       |       |     2 |     2 |     2 |       |       |       |       ||     6
       Flame Wave        |       |       |       |     5 |       |     1 |       |     1 |       ||     7
       Summon Lightning  |       |       |       |    32 |   104 |   135 |   109 |    34 |    12 ||   426
       Static Discharge  |       |       |       |    10 |     2 |       |       |       |       ||    12
       Summon Forest     |       |       |       |       |    43 |    52 |    19 |    12 |    10 ||   136
       Monstrous Menager |       |       |       |       |       |    91 |    91 |    28 |    18 ||   228
       Iron Shot         |       |       |       |       |       |       |   489 |   528 |   758 ||  1775
       Orb of Destructio |       |       |       |       |       |       |       |    82 |   338 ||   420
       Necromutation     |       |       |       |       |       |       |       |     1 |       ||     1
       Polar Vortex      |       |       |       |       |       |       |       |       |     7 ||     7
Invok: Curse Item        |       |       |       |     5 |     2 |     3 |       |     2 |     2 ||    14
       Shatter the Chain |       |       |       |       |     1 |     1 |     1 |     1 |     1 ||     5
 Abil: End Transformatio |       |       |       |       |     1 |       |       |     1 |       ||     2
Evoke: Wand              |       |       |       |     3 |       |     5 |     1 |       |       ||     9
       Lightning rod     |       |       |       |       |       |     1 |       |       |       ||     1
       Phantom mirror    |       |       |       |       |       |     1 |       |       |       ||     1
       Condenser vane    |       |       |       |       |       |       |       |       |     1 ||     1
  Use: Scroll            |       |     8 |     1 |     4 |     2 |     2 |     2 |     1 |    18 ||    38
       Potion            |       |       |     1 |     1 |       |       |     2 |       |    11 ||    15
 Stab: Sleeping          |     1 |     4 |     4 |     4 |     8 |     5 |       |       |       ||    26
       Petrified         |       |       |       |       |     3 |       |       |       |       ||     3
Armor: Robe              |       |     3 |     4 |     9 |    10 |       |       |       |       ||    26
       Skin              |       |       |     5 |     7 |     3 |       |       |       |       ||    15
       Troll leather arm |       |       |       |       |    11 |    95 |    42 |    30 |    45 ||   223
Dodge: Dodged            |     7 |    10 |    37 |   106 |   109 |   243 |   186 |   127 |   190 ||  1015
Block: Kite shield       |       |       |       |     4 |   121 |   251 |   180 |    92 |   159 ||   807
